[ PARTIDA AOE2 · #460066629 ]
UnrankedSicilianos vs Japanese
[ ANÁLISIS DE REPETICIÓN · EXTRAÍDO DE LA PARTIDA GRABADA ]
Feudal
12:00
Castillos
28:23
Imperial
44:17
| APM promedio | 12.0 |
| APM pico | 50 |
| eAPM promedio | 9.5 |
| Aldeanos / militares | 65 / 202 |
Foco
⚔️ 48.5% · 🌾 51.5%
Serjeant ×133 · Spearman ×46 · Trade Cart ×34 · Trebuchet (Packed) ×12 · Cavalry Archer ×6 · Monk ×5
Feudal
9:55
Castillos
22:04
Imperial
36:40
| APM promedio | 21.1 |
| APM pico | 96 |
| eAPM promedio | 13.6 |
| Aldeanos / militares | 101 / 399 |
Foco
⚔️ 56.0% · 🌾 44.0%
Samurai ×215 · Hand Cannoneer ×140 · Trade Cart ×24 · Spearman ×23 · Militia ×16 · Mangonel ×2
Feudal
—
Castillos
—
Imperial
—
| APM promedio | 19.2 |
| APM pico | 66 |
| eAPM promedio | 14.8 |
| Aldeanos / militares | 91 / 197 |
Foco
⚔️ 35.9% · 🌾 64.1%
Samurai ×195 · Trade Cart ×4 · Monk ×1 · Trebuchet (Packed) ×1
Feudal
12:15
Castillos
24:56
Imperial
45:29
| APM promedio | 11.6 |
| APM pico | 35 |
| eAPM promedio | 8.6 |
| Aldeanos / militares | 81 / 330 |
Foco
⚔️ 42.4% · 🌾 57.6%
Coustillier ×266 · Flemish Militia ×30 · Petard ×16 · Militia ×12 · Trade Cart ×12 · Trebuchet (Packed) ×5
Mapa de la partida
Recursos iniciales + cada clic de construcción. Líneas = muros · curvas = relieve. ◆ oro · ⬟ piedra · ● bayas · ✦ reliquia · ◌ hueco del cierre
Tu base· Abierta — flanco sin cerrar
Base de HARBOS· Abierta — flanco sin cerrar
Base de dzdvorak7037· Abierta — flanco sin cerrar
Base de Firebird1919· Abierta — flanco sin cerrar
Terreno inicial suavizado · ◌ = hueco del cierre detectado · pasá el cursor para detalles
Inputs por minuto
— Gach - - HARBOS
Build order — Gach
Primeras 150 de 423 acciones detectadas
| 0:06 | Crear | Villager (Male) |
| 0:06 | Crear | Villager (Male) |
| 0:06 | Crear | Villager (Male) |
| 0:06 | Crear | Villager (Male) |
| 0:06 | Crear | Villager (Male) |
| 0:16 | Construir | House |
| 1:04 | Construir | House |
| 1:32 | Crear | Villager (Male) |
| 1:40 | Construir | House |
| 2:11 | Construir | Lumber Camp |
| 2:32 | Crear | Villager (Male) |
| 3:04 | Crear | Villager (Male) |
| 3:04 | Crear | Villager (Male) |
| 3:19 | Crear | Villager (Male) |
| 3:37 | Crear | Villager (Male) |
| 3:37 | Crear | Villager (Male) |
| 4:15 | Crear | Villager (Male) |
| 4:26 | Construir | Mill |
| 4:48 | Crear | Villager (Male) |
| 5:40 | Crear | Villager (Male) |
| 5:48 | Crear | Villager (Male) |
| 6:13 | Crear | Villager (Male) |
| 6:52 | Crear | Villager (Male) |
| 6:52 | Crear | Villager (Male) |
| 6:52 | Crear | Villager (Male) |
| 6:58 | Investigar | Loom |
| 7:27 | Construir | Farm |
| 7:52 | Construir | Farm |
| 8:07 | Construir | House |
| 8:09 | Construir | House |
| 8:30 | Crear | Villager (Male) |
| 8:30 | Crear | Villager (Male) |
| 9:47 | Construir | Farm |
| 9:50 | Investigar | Feudal Age |
| 12:00 | Edad | Edad Feudal |
| 12:03 | Investigar | Double-Bit Axe |
| 12:06 | Investigar | Horse Collar |
| 12:10 | Investigar | Wheelbarrow |
| 12:11 | Crear | Villager (Male) |
| 12:11 | Crear | Villager (Male) |
| 12:11 | Crear | Villager (Male) |
| 12:11 | Crear | Villager (Male) |
| 12:54 | Construir | Lumber Camp |
| 13:17 | Construir | Farm |
| 13:19 | Construir | Farm |
| 13:21 | Construir | Farm |
| 13:24 | Construir | Farm |
| 13:40 | Construir | Farm |
| 13:42 | Construir | Farm |
| 14:06 | Construir | Mining Camp |
| 14:18 | Construir | Mining Camp |
| 14:52 | Construir | Market |
| 15:17 | Construir | Blacksmith |
| 15:52 | Construir | Donjon |
| 16:00 | Investigar | Town Watch |
| 16:01 | Crear | Villager (Male) |
| 16:02 | Crear | Villager (Male) |
| 16:02 | Crear | Villager (Male) |
| 16:02 | Crear | Villager (Male) |
| 16:02 | Crear | Villager (Male) |
| 16:21 | Construir | House |
| 16:31 | Construir | House |
| 16:35 | Construir | House |
| 16:36 | Construir | House |
| 17:12 | Construir | Barracks |
| 17:37 | Construir | Stone Wall |
| 18:14 | Construir | Farm |
| 18:19 | Crear | Serjeant |
| 18:19 | Crear | Serjeant |
| 18:20 | Crear | Serjeant |
| 18:20 | Crear | Serjeant |
| 18:20 | Crear | Serjeant |
| 18:20 | Crear | Serjeant |
| 18:20 | Crear | Serjeant |
| 18:21 | Crear | Serjeant |
| 18:21 | Crear | Serjeant |
| 18:21 | Crear | Serjeant |
| 18:21 | Crear | Serjeant |
| 18:32 | Construir | Farm |
| 18:53 | Construir | Farm |
| 19:17 | Investigar | Gold Mining |
| 19:40 | Construir | Gate |
| 20:12 | Construir | Farm |
| 20:23 | Construir | Stone Wall |
| 20:38 | Crear | Trade Cart |
| 20:39 | Crear | Trade Cart |
| 20:39 | Crear | Trade Cart |
| 20:39 | Crear | Trade Cart |
| 22:09 | Construir | Farm |
| 23:34 | Crear | Serjeant |
| 23:35 | Crear | Serjeant |
| 23:35 | Crear | Serjeant |
| 23:35 | Crear | Serjeant |
| 23:35 | Crear | Serjeant |
| 23:35 | Crear | Serjeant |
| 24:55 | Construir | Donjon |
| 25:14 | Investigar | Forging |
| 25:15 | Investigar | Scale Mail Armor |
| 25:32 | Construir | Donjon |
| 25:43 | Investigar | Castle Age |
| 26:44 | Construir | Donjon |
| 27:15 | Investigar | Padded Archer Armor |
| 27:15 | Investigar | Fletching |
| 27:45 | Crear | Serjeant |
| 27:45 | Crear | Serjeant |
| 27:45 | Crear | Serjeant |
| 27:45 | Crear | Serjeant |
| 27:46 | Crear | Serjeant |
| 27:46 | Crear | Serjeant |
| 27:46 | Crear | Serjeant |
| 27:46 | Crear | Serjeant |
| 27:46 | Crear | Serjeant |
| 27:47 | Crear | Serjeant |
| 28:23 | Edad | Edad de los Castillos |
| 30:00 | Investigar | Hand Cart |
| 30:03 | Investigar | Bow Saw |
| 30:08 | Investigar | Heavy Plow |
| 30:10 | Investigar | Gold Shaft Mining |
| 30:13 | Investigar | Stone Mining |
| 30:17 | Crear | Villager (Male) |
| 30:18 | Crear | Villager (Male) |
| 30:18 | Crear | Villager (Male) |
| 30:18 | Crear | Villager (Male) |
| 30:18 | Crear | Villager (Male) |
| 30:24 | Crear | Trade Cart |
| 30:24 | Crear | Trade Cart |
| 30:24 | Crear | Trade Cart |
| 30:24 | Crear | Trade Cart |
| 30:24 | Crear | Trade Cart |
| 30:25 | Crear | Trade Cart |
| 30:25 | Crear | Trade Cart |
| 30:25 | Crear | Trade Cart |
| 30:25 | Crear | Trade Cart |
| 30:26 | Crear | Trade Cart |
| 30:32 | Crear | Serjeant |
| 32:00 | Construir | House |
| 32:04 | Construir | House |
| 32:05 | Construir | House |
| 32:06 | Construir | House |
| 32:08 | Construir | House |
| 32:22 | Construir | Stone Wall |
| 32:44 | Investigar | Town Patrol |
| 32:45 | Crear | Villager (Male) |
| 32:46 | Crear | Villager (Male) |
| 32:46 | Crear | Villager (Male) |
| 32:46 | Crear | Villager (Male) |
| 32:46 | Crear | Villager (Male) |
| 33:03 | Construir | Donjon |
| 33:09 | Crear | Serjeant |
| 33:09 | Crear | Serjeant |
Build order — HARBOS
Primeras 150 de 680 acciones detectadas
| 0:01 | Crear | Villager (Male) |
| 0:01 | Crear | Villager (Male) |
| 0:02 | Crear | Villager (Male) |
| 0:02 | Crear | Villager (Male) |
| 0:02 | Crear | Villager (Male) |
| 0:06 | Construir | House |
| 0:09 | Construir | House |
| 1:45 | Crear | Villager (Male) |
| 2:09 | Crear | Villager (Male) |
| 2:22 | Crear | Villager (Male) |
| 2:47 | Crear | Villager (Male) |
| 3:07 | Crear | Villager (Male) |
| 3:30 | Crear | Villager (Male) |
| 3:57 | Crear | Villager (Male) |
| 3:58 | Crear | Villager (Male) |
| 4:25 | Construir | House |
| 4:31 | Crear | Villager (Male) |
| 5:58 | Construir | Lumber Camp |
| 7:02 | Construir | Mill |
| 7:45 | Investigar | Feudal Age |
| 7:55 | Construir | House |
| 7:58 | Construir | House |
| 8:02 | Construir | House |
| 8:40 | Crear | Villager (Male) |
| 8:40 | Crear | Villager (Male) |
| 8:41 | Crear | Villager (Male) |
| 8:41 | Crear | Villager (Male) |
| 8:41 | Crear | Villager (Male) |
| 8:56 | Construir | Mining Camp |
| 9:36 | Construir | Mining Camp |
| 9:55 | Edad | Edad Feudal |
| 10:03 | Construir | Stone Wall |
| 10:29 | Crear | Villager (Male) |
| 10:30 | Crear | Villager (Male) |
| 10:34 | Investigar | Horse Collar |
| 10:38 | Investigar | Double-Bit Axe |
| 11:49 | Construir | Blacksmith |
| 11:54 | Construir | Barracks |
| 12:03 | Construir | Gate |
| 12:15 | Crear | Villager (Male) |
| 12:16 | Crear | Villager (Male) |
| 12:16 | Crear | Villager (Male) |
| 13:37 | Construir | Market |
| 14:03 | Construir | Stone Wall |
| 14:16 | Crear | Villager (Male) |
| 14:16 | Crear | Villager (Male) |
| 14:17 | Crear | Villager (Male) |
| 14:17 | Crear | Villager (Male) |
| 14:17 | Crear | Villager (Male) |
| 14:27 | Crear | Villager (Male) |
| 14:46 | Construir | Farm |
| 14:59 | Construir | Farm |
| 15:02 | Crear | Villager (Male) |
| 15:42 | Construir | Farm |
| 16:00 | Construir | Farm |
| 16:11 | Construir | Gate |
| 16:21 | Construir | Mining Camp |
| 16:32 | Construir | Farm |
| 16:48 | Construir | House |
| 16:50 | Construir | House |
| 16:51 | Construir | House |
| 16:56 | Construir | Farm |
| 17:14 | Construir | Lumber Camp |
| 17:21 | Construir | Farm |
| 17:46 | Construir | Farm |
| 17:47 | Construir | Farm |
| 17:48 | Construir | Farm |
| 17:56 | Construir | Farm |
| 18:15 | Construir | Farm |
| 18:16 | Construir | Farm |
| 18:39 | Construir | Stone Wall |
| 19:24 | Investigar | Castle Age |
| 19:53 | Construir | Mining Camp |
| 20:46 | Investigar | Wheelbarrow |
| 21:48 | Investigar | Man-at-Arms (upgrade) |
| 22:04 | Edad | Edad de los Castillos |
| 22:09 | Construir | Town Center |
| 22:17 | Crear | Villager (Male) |
| 22:17 | Crear | Villager (Male) |
| 22:17 | Crear | Villager (Male) |
| 22:18 | Crear | Villager (Male) |
| 22:18 | Crear | Villager (Male) |
| 22:18 | Crear | Villager (Male) |
| 22:18 | Crear | Villager (Male) |
| 22:18 | Crear | Villager (Male) |
| 22:58 | Crear | Villager (Male) |
| 22:58 | Crear | Villager (Male) |
| 22:59 | Crear | Villager (Male) |
| 22:59 | Crear | Villager (Male) |
| 22:59 | Crear | Villager (Male) |
| 23:44 | Construir | Stone Wall |
| 23:53 | Crear | Militia |
| 23:53 | Crear | Militia |
| 23:54 | Crear | Militia |
| 23:54 | Crear | Militia |
| 23:54 | Crear | Militia |
| 23:54 | Crear | Militia |
| 24:08 | Construir | Farm |
| 24:19 | Construir | Farm |
| 24:25 | Crear | Villager (Male) |
| 24:26 | Crear | Villager (Male) |
| 24:26 | Crear | Villager (Male) |
| 24:29 | Crear | Villager (Male) |
| 24:37 | Construir | Gate |
| 24:48 | Crear | Trade Cart |
| 24:57 | Construir | Farm |
| 25:15 | Construir | Town Center |
| 25:32 | Investigar | Heavy Plow |
| 25:41 | Construir | Farm |
| 25:43 | Construir | Farm |
| 25:50 | Investigar | Bow Saw |
| 26:11 | Construir | Stone Wall |
| 26:17 | Construir | Gate |
| 26:27 | Construir | Farm |
| 26:29 | Construir | Farm |
| 26:52 | Crear | Militia |
| 26:53 | Crear | Militia |
| 26:53 | Crear | Militia |
| 26:55 | Crear | Militia |
| 26:56 | Crear | Militia |
| 26:56 | Crear | Militia |
| 27:03 | Construir | Farm |
| 27:10 | Crear | Villager (Male) |
| 27:10 | Crear | Villager (Male) |
| 27:10 | Crear | Villager (Male) |
| 27:11 | Crear | Villager (Male) |
| 27:11 | Crear | Villager (Male) |
| 27:11 | Crear | Villager (Male) |
| 27:12 | Crear | Villager (Male) |
| 27:23 | Construir | Farm |
| 27:27 | Crear | Villager (Male) |
| 27:28 | Crear | Villager (Male) |
| 27:38 | Construir | House |
| 27:39 | Construir | House |
| 27:40 | Construir | House |
| 27:41 | Construir | House |
| 28:05 | Construir | Farm |
| 28:17 | Investigar | Hand Cart |
| 28:18 | Crear | Villager (Male) |
| 28:31 | Construir | Castle |
| 28:42 | Construir | Farm |
| 28:47 | Crear | Villager (Male) |
| 28:47 | Crear | Villager (Male) |
| 28:47 | Crear | Villager (Male) |
| 28:47 | Crear | Villager (Male) |
| 28:47 | Crear | Villager (Male) |
| 29:00 | Construir | Mining Camp |
| 29:20 | Crear | Villager (Male) |
| 29:20 | Crear | Villager (Male) |
| 29:27 | Construir | Farm |
Build order — dzdvorak7037
Primeras 150 de 395 acciones detectadas
| 0:03 | Crear | Villager (Male) |
| 0:04 | Crear | Villager (Male) |
| 0:04 | Crear | Villager (Male) |
| 0:04 | Crear | Villager (Male) |
| 0:05 | Crear | Villager (Male) |
| 0:08 | Construir | House |
| 0:08 | Construir | House |
| 0:13 | Construir | House |
| 0:56 | Construir | Mill |
| 1:42 | Crear | Villager (Male) |
| 2:10 | Crear | Villager (Male) |
| 2:10 | Crear | Villager (Male) |
| 2:34 | Crear | Villager (Male) |
| 2:34 | Crear | Villager (Male) |
| 3:30 | Crear | Villager (Male) |
| 3:40 | Crear | Villager (Male) |
| 3:40 | Crear | Villager (Male) |
| 3:41 | Crear | Villager (Male) |
| 3:58 | Crear | Villager (Male) |
| 4:35 | Crear | Villager (Male) |
| 4:56 | Crear | Villager (Male) |
| 4:57 | Crear | Villager (Male) |
| 5:01 | Crear | Villager (Male) |
| 5:04 | Crear | Villager (Male) |
| 5:41 | Construir | Lumber Camp |
| 6:52 | Investigar | Feudal Age |
| 8:17 | Construir | Mining Camp |
| 8:33 | Construir | Mining Camp |
| 8:44 | Construir | House |
| 9:25 | Investigar | Wheelbarrow |
| 9:28 | Investigar | Double-Bit Axe |
| 9:30 | Investigar | Horse Collar |
| 9:43 | Investigar | Gold Mining |
| 9:44 | Investigar | Gold Mining |
| 9:56 | Construir | Farm |
| 10:17 | Investigar | Town Watch |
| 10:36 | Crear | Villager (Male) |
| 10:53 | Construir | Blacksmith |
| 11:07 | Construir | Market |
| 11:25 | Construir | Farm |
| 11:36 | Construir | Farm |
| 11:43 | Crear | Villager (Male) |
| 11:51 | Construir | Farm |
| 12:10 | Construir | Farm |
| 12:18 | Crear | Villager (Male) |
| 12:21 | Crear | Villager (Male) |
| 12:21 | Crear | Villager (Male) |
| 12:29 | Construir | House |
| 12:37 | Construir | Farm |
| 12:51 | Construir | Farm |
| 13:11 | Construir | Farm |
| 13:22 | Construir | Farm |
| 13:40 | Construir | Farm |
| 13:44 | Construir | Farm |
| 13:54 | Construir | Farm |
| 14:04 | Crear | Villager (Male) |
| 14:13 | Construir | Farm |
| 14:16 | Crear | Villager (Male) |
| 14:16 | Crear | Villager (Male) |
| 14:17 | Crear | Villager (Male) |
| 14:17 | Crear | Villager (Male) |
| 15:06 | Construir | Farm |
| 15:22 | Construir | Farm |
| 15:51 | Construir | Mining Camp |
| 16:19 | Investigar | Castle Age |
| 16:51 | Investigar | Stone Mining |
| 17:08 | Construir | House |
| 17:32 | Construir | Farm |
| 17:36 | Investigar | Fletching |
| 18:00 | Investigar | Scale Mail Armor |
| 18:01 | Investigar | Forging |
| 18:04 | Investigar | Fletching |
| 19:00 | Investigar | Hand Cart |
| 19:01 | Investigar | Bow Saw |
| 19:02 | Investigar | Heavy Plow |
| 19:13 | Investigar | Gold Shaft Mining |
| 19:24 | Crear | Villager (Male) |
| 20:15 | Crear | Villager (Male) |
| 20:16 | Crear | Villager (Male) |
| 20:16 | Crear | Villager (Male) |
| 20:16 | Crear | Villager (Male) |
| 20:17 | Crear | Villager (Male) |
| 20:43 | Investigar | Fletching |
| 20:55 | Construir | Farm |
| 21:15 | Investigar | Loom |
| 22:00 | Construir | Castle |
| 22:57 | Crear | Villager (Male) |
| 23:25 | Crear | Villager (Male) |
| 24:03 | Crear | Villager (Male) |
| 24:57 | Crear | Villager (Male) |
| 25:25 | Crear | Villager (Male) |
| 25:29 | Construir | Lumber Camp |
| 25:53 | Crear | Villager (Male) |
| 26:01 | Crear | Samurai |
| 26:02 | Crear | Samurai |
| 26:03 | Crear | Samurai |
| 26:13 | Crear | Villager (Male) |
| 26:39 | Crear | Samurai |
| 26:52 | Crear | Samurai |
| 27:15 | Crear | Villager (Male) |
| 27:36 | Investigar | Town Patrol |
| 27:53 | Investigar | Caravan |
| 27:53 | Crear | Trade Cart |
| 28:10 | Crear | Samurai |
| 29:01 | Construir | Farm |
| 29:02 | Crear | Villager (Male) |
| 29:42 | Crear | Villager (Male) |
| 30:05 | Crear | Villager (Male) |
| 30:46 | Investigar | Imperial Age |
| 31:33 | Construir | Monastery |
| 31:55 | Investigar | Iron Casting |
| 32:03 | Investigar | Iron Casting |
| 32:19 | Crear | Monk |
| 32:55 | Crear | Trade Cart |
| 33:09 | Crear | Samurai |
| 33:35 | Crear | Samurai |
| 33:58 | Crear | Samurai |
| 34:01 | Crear | Trebuchet (Packed) |
| 34:48 | Crear | Villager (Male) |
| 35:14 | Crear | Villager (Male) |
| 35:23 | Construir | Mining Camp |
| 35:32 | Crear | Samurai |
| 36:04 | Crear | Villager (Male) |
| 36:13 | Investigar | Two-Man Saw |
| 36:16 | Crear | Villager (Male) |
| 36:38 | Construir | Town Center |
| 36:45 | Crear | Villager (Male) |
| 37:07 | Crear | Samurai |
| 37:09 | Investigar | Conscription |
| 37:27 | Crear | Villager (Male) |
| 37:28 | Crear | Villager (Male) |
| 37:28 | Crear | Villager (Male) |
| 37:28 | Crear | Villager (Male) |
| 37:28 | Crear | Villager (Male) |
| 37:29 | Crear | Villager (Male) |
| 37:45 | Construir | Farm |
| 37:58 | Construir | Farm |
| 38:29 | Construir | Farm |
| 38:45 | Crear | Villager (Male) |
| 38:50 | Construir | Farm |
| 38:51 | Crear | Villager (Male) |
| 38:52 | Crear | Villager (Male) |
| 39:15 | Construir | Farm |
| 39:35 | Construir | Farm |
| 39:38 | Crear | Villager (Male) |
| 40:01 | Construir | Farm |
| 40:07 | Investigar | Blast Furnace |
| 40:07 | Investigar | Chain Mail Armor |
| 40:16 | Construir | Barracks |
| 40:28 | Construir | Farm |
Build order — Firebird1919
Primeras 150 de 389 acciones detectadas
| 0:05 | Construir | House |
| 0:16 | Crear | Villager (Male) |
| 0:17 | Crear | Villager (Male) |
| 0:17 | Crear | Villager (Male) |
| 0:17 | Crear | Villager (Male) |
| 0:17 | Crear | Villager (Male) |
| 1:54 | Crear | Villager (Male) |
| 1:55 | Crear | Villager (Male) |
| 2:31 | Construir | Lumber Camp |
| 3:10 | Investigar | Double-Bit Axe |
| 4:08 | Crear | Villager (Male) |
| 4:08 | Crear | Villager (Male) |
| 4:08 | Crear | Villager (Male) |
| 4:16 | Construir | House |
| 5:14 | Crear | Villager (Male) |
| 5:15 | Crear | Villager (Male) |
| 5:17 | Crear | Villager (Male) |
| 6:09 | Construir | Mill |
| 7:18 | Crear | Villager (Male) |
| 7:18 | Crear | Villager (Male) |
| 7:18 | Crear | Villager (Male) |
| 7:19 | Crear | Villager (Male) |
| 7:29 | Construir | House |
| 8:38 | Construir | Lumber Camp |
| 8:53 | Crear | Villager (Male) |
| 8:53 | Crear | Villager (Male) |
| 8:55 | Crear | Villager (Male) |
| 8:56 | Crear | Villager (Male) |
| 10:03 | Investigar | Feudal Age |
| 10:04 | Crear | Villager (Male) |
| 10:04 | Crear | Villager (Male) |
| 10:41 | Construir | Mining Camp |
| 11:50 | Construir | Farm |
| 11:51 | Construir | Farm |
| 11:52 | Construir | Farm |
| 12:09 | Crear | Villager (Male) |
| 12:10 | Crear | Villager (Male) |
| 12:15 | Edad | Edad Feudal |
| 12:26 | Construir | House |
| 12:30 | Construir | House |
| 12:32 | Construir | House |
| 12:43 | Investigar | Gold Mining |
| 12:45 | Investigar | Bow Saw |
| 12:48 | Investigar | Horse Collar |
| 12:51 | Investigar | Wheelbarrow |
| 12:58 | Crear | Villager (Male) |
| 12:58 | Crear | Villager (Male) |
| 12:59 | Crear | Villager (Male) |
| 12:59 | Crear | Villager (Male) |
| 14:30 | Investigar | Hand Cart |
| 14:35 | Investigar | Hand Cart |
| 15:01 | Construir | Barracks |
| 15:11 | Construir | Blacksmith |
| 15:35 | Construir | Farm |
| 15:36 | Construir | Farm |
| 16:28 | Construir | Farm |
| 16:29 | Construir | Farm |
| 16:30 | Construir | Farm |
| 16:33 | Construir | Farm |
| 16:58 | Crear | Flemish Militia |
| 16:59 | Crear | Flemish Militia |
| 17:00 | Crear | Flemish Militia |
| 17:00 | Crear | Flemish Militia |
| 17:09 | Crear | Flemish Militia |
| 17:09 | Crear | Flemish Militia |
| 17:09 | Crear | Flemish Militia |
| 17:10 | Crear | Flemish Militia |
| 17:10 | Crear | Flemish Militia |
| 17:10 | Crear | Flemish Militia |
| 17:11 | Crear | Flemish Militia |
| 17:11 | Crear | Flemish Militia |
| 17:11 | Crear | Flemish Militia |
| 17:11 | Crear | Flemish Militia |
| 17:12 | Crear | Flemish Militia |
| 17:12 | Crear | Flemish Militia |
| 17:43 | Crear | Villager (Male) |
| 17:43 | Crear | Villager (Male) |
| 17:43 | Crear | Villager (Male) |
| 17:43 | Crear | Villager (Male) |
| 17:53 | Construir | Farm |
| 17:57 | Construir | Farm |
| 18:07 | Investigar | Heavy Plow |
| 18:28 | Construir | Farm |
| 18:39 | Construir | Farm |
| 18:56 | Construir | House |
| 19:05 | Construir | House |
| 19:10 | Construir | House |
| 19:10 | Construir | House |
| 19:12 | Construir | House |
| 19:13 | Construir | House |
| 19:14 | Construir | House |
| 19:30 | Construir | Market |
| 19:43 | Investigar | Forging |
| 19:44 | Investigar | Scale Mail Armor |
| 19:53 | Construir | Farm |
| 19:59 | Construir | Farm |
| 20:11 | Crear | Villager (Male) |
| 20:11 | Crear | Villager (Male) |
| 20:12 | Crear | Villager (Male) |
| 22:16 | Investigar | Castle Age |
| 22:44 | Construir | Mining Camp |
| 23:04 | Investigar | Stone Mining |
| 23:08 | Investigar | Gold Shaft Mining |
| 24:56 | Edad | Edad de los Castillos |
| 25:05 | Investigar | Crop Rotation |
| 25:07 | Investigar | Two-Man Saw |
| 25:10 | Investigar | Stone Shaft Mining |
| 25:25 | Investigar | Iron Casting |
| 25:34 | Crear | Trade Cart |
| 25:35 | Crear | Trade Cart |
| 25:36 | Crear | Trade Cart |
| 25:36 | Crear | Trade Cart |
| 25:37 | Crear | Trade Cart |
| 26:22 | Crear | Villager (Male) |
| 26:22 | Crear | Villager (Male) |
| 26:23 | Crear | Villager (Male) |
| 26:23 | Crear | Villager (Male) |
| 26:23 | Crear | Villager (Male) |
| 26:25 | Crear | Villager (Male) |
| 26:25 | Crear | Villager (Male) |
| 26:25 | Crear | Villager (Male) |
| 26:26 | Crear | Villager (Male) |
| 26:26 | Crear | Villager (Male) |
| 26:26 | Crear | Villager (Male) |
| 27:30 | Construir | Town Center |
| 30:22 | Construir | Castle |
| 30:33 | Crear | Villager (Male) |
| 30:34 | Crear | Villager (Male) |
| 30:34 | Crear | Villager (Male) |
| 30:34 | Crear | Villager (Male) |
| 30:35 | Crear | Villager (Male) |
| 30:35 | Crear | Villager (Male) |
| 31:05 | Crear | Villager (Male) |
| 31:05 | Crear | Villager (Male) |
| 31:05 | Crear | Villager (Male) |
| 31:06 | Crear | Villager (Male) |
| 31:06 | Crear | Villager (Male) |
| 31:06 | Crear | Villager (Male) |
| 31:33 | Construir | Mill |
| 31:40 | Construir | Farm |
| 31:41 | Construir | Farm |
| 31:42 | Construir | Farm |
| 31:45 | Construir | Farm |
| 31:47 | Construir | Farm |
| 31:48 | Construir | Farm |
| 31:50 | Construir | Farm |
| 31:53 | Construir | Farm |
| 31:54 | Construir | Farm |
| 31:57 | Construir | Farm |
| 31:58 | Construir | Farm |
Cronología de la partida
| 9:55 | HARBOS · age_up feudal |
| 10:03 | HARBOS · wall_segment Stone Wall x39 |
| 11:54 | HARBOS · first_building Barracks |
| 12:00 | Gach · age_up feudal |
| 12:15 | Firebird1919 · age_up feudal |
| 14:03 | HARBOS · wall_segment Stone Wall x41 |
| 15:01 | Firebird1919 · first_building Barracks |
| 15:52 | Gach · first_building Donjon |
| 17:12 | Gach · first_building Barracks |
| 17:37 | Gach · wall_segment Stone Wall x34 |
| 18:39 | HARBOS · wall_segment Stone Wall x19 |
| 19:21 | HARBOS · first_market_buy 100 food |
| 20:23 | Gach · wall_segment Stone Wall x1 |
| 21:42 | dzdvorak7037 · first_market_sell 100 wood |
| 21:45 | dzdvorak7037 · first_market_buy 100 stone |
| 22:00 | dzdvorak7037 · first_building Castle |
| 22:04 | HARBOS · age_up castle |
| 23:44 | HARBOS · wall_segment Stone Wall x22 |
| 24:56 | Firebird1919 · age_up castle |
| 26:11 | HARBOS · wall_segment Stone Wall x28 |
| 28:23 | Gach · age_up castle |
| 28:31 | HARBOS · first_building Castle |
| 30:22 | Firebird1919 · first_building Castle |
| 31:33 | dzdvorak7037 · first_building Monastery |
| 32:22 | Gach · wall_segment Stone Wall x6 |
| 35:19 | HARBOS · first_building Monastery |
| 36:40 | HARBOS · age_up imperial |
| 37:39 | Gach · wall_segment Stone Wall x34 |
| 38:22 | HARBOS · first_building Archery Range |
| 38:55 | Gach · first_building Monastery |
| 39:57 | Gach · first_building Archery Range |
| 40:02 | Firebird1919 · first_building Monastery |
| 40:16 | dzdvorak7037 · first_building Barracks |
| 40:40 | Gach · wall_segment Stone Wall x22 |
| 42:29 | HARBOS · first_building Siege Workshop |
| 44:17 | Gach · age_up imperial |
| 45:29 | Firebird1919 · age_up imperial |
| 47:06 | Gach · first_market_buy 100 stone |
| 47:15 | Gach · first_building Castle |
| 49:22 | HARBOS · tribute_sent a jugador 2 |
| 49:22 | HARBOS · tribute_sent a jugador 3 |
| 49:22 | HARBOS · tribute_sent a jugador 4 |
| 59:29 | HARBOS · wall_segment Stone Wall x2 |
| 65:12 | Gach · first_market_sell 100 wood |
| 68:19 | dzdvorak7037 · tribute_sent a jugador 1 |
| 68:19 | dzdvorak7037 · tribute_sent a jugador 3 |
| 68:19 | dzdvorak7037 · tribute_sent a jugador 4 |
| 69:21 | dzdvorak7037 · resign |
[ ANÁLISIS IA · 1 CRÉDITO ]
¿Qué pasó realmente en esta partida?
Wolo.gg analiza cada decisión: build order, eco, micro, errores típicos por bracket. Análisis personalizado por WhatsApp o Discord en 30 segundos.
Guía civ
Sicilianos
Perfil
Jugador #2116336